 Dungeon Crawl Stone Soup version 0.24.0-13-gcf9b3192b9 (console) character file.

Game seed: 7990102245300080223, levelgen mode: deterministic

104 AlterAsc the Changer (level 4, -2/28 HPs)
             Began as an Octopode Transmuter on Nov 8, 2019.
             Was an Initiate of Ashenzari.
             Slain by a gnoll
             ... wielding a +0 club
              (10 damage)
             ... on level 2 of the Dungeon.
             The game lasted 00:05:48 (2011 turns).

AlterAsc the Changer (Octopode Transmuter)          Turns: 2011, Time: 00:05:49

Health: -2/28      AC:  6    Str: 10    XL:     4   Next: 80%
Magic:  2/8        EV: 19    Int: 15    God:    Ashenzari [......]
Gold:   127        SH:  0    Dex: 17    Spells: 3/9 levels left

rFire    . . .     SeeInvis .     - Unarmed
rCold    . . .     Gourm    .   (shield currently unavailable)
rNeg     . . .     Faith    .   (helmet currently unavailable)
rPois    x         Spirit   .   (no amulet)
rElec    .         Reflect  .   d - +4 ring of protection
rCorr    .         Harm     .   (no ring)
MR       .....                  (no ring)
Stlth    ++........             (no ring)
HPRegen  0.09/turn              (no ring)
MPRegen  0.11/turn              (no ring)
                                (no ring)
                                (no ring)

@: spider-form, very slightly contaminated
A: tiny, almost no armour, stealthy swim, (amphibious), 8 rings, (constrict 8)
a: End Transformation, Curse Item, Renounce Religion


You were on level 2 of the Dungeon.
You worshipped Ashenzari.
Ashenzari was noncommittal.
You were not hungry.
You were a venomous arachnid creature.
You visited 1 branch of the dungeon, and saw 2 of its levels.

You collected 127 gold pieces.

Inventory:

Missiles
 a - 32 arrows
 i - 8 poisoned darts (quivered)
Jewellery
 d - a +4 ring of protection (left front leg)
Scrolls
 b - 4 scrolls of identify {unknown}
 e - a scroll of magic mapping {unknown}
 h - 3 scrolls of remove curse
Potions
 f - 2 potions of might {unknown}
 g - 2 potions of heal wounds {unknown}
 j - a potion of ambrosia {unknown}
Comestibles
 c - 4 rations


   Skills:
 - Level 1.0 Fighting
 - Level 2.0 Dodging
 - Level 3.0 Unarmed Combat
 + Level 3.0 Spellcasting
 * Level 4.1 Transmutations


You had 3 spell levels left.
You knew the following spells:

 Your Spells              Type           Power        Failure   Level  Hunger
a - Beastly Appendage     Tmut           ##....       12%         1    #......
b - Sticks to Snakes      Tmut           ##......     16%         2    ##.....
c - Spider Form           Tmut/Pois      #.........   47%         3    ###....

Your spell library contained the following spells:

 Spells                   Type           Power        Failure   Level  Hunger
 Ice Form                 Ice/Tmut       #.......     83%         4    #####..
 Blade Hands              Tmut           ##........   87%         5    ######.


Dungeon Overview and Level Annotations

Branches:
Dungeon (2/15)

Altars:
Ashenzari
Gozag
Vehumet


Innate Abilities, Weirdness & Mutations

You cannot wear most types of armour.
You are very stealthy in the water. (Stealth+)
((You are amphibious.))
You can wear up to eight rings at the same time.
((You can use your tentacles to constrict eight enemies at once.))
((Your skin changes colour to match your surroundings (Stealth+).))
((Your rubbery body absorbs attacks. (AC +1, EV +1)))


Message History

The poisoned dart barely misses the gnoll.
You tentacle-slap the gnoll. Your grab misses the gnoll.
The gnoll is moderately wounded.
The gnoll hits you with a +0 club.
You barely miss the gnoll. Your grab misses the gnoll.
The gnoll is moderately wounded.
The gnoll hits you with a +0 club.
* * * LOW HITPOINT WARNING * * *
You see here 16 bolts.
You see here a kobold skeleton.
You see here a +0 club.
Throwing (i - inventory)
i - 8 poisoned darts (quivered)
Press: ? - help, Shift-Dir - straight line, f/p - gnoll
Aim: a gnoll, wielding a +0 club (moderately wounded)
Okay, then.
Casting: Spider Form (safe; 26% risk of failure)
Confirm with . or Enter, or press ? or * to list all spells.
You turn into a venomous arachnid creature.
The gnoll hits you with a +0 club!
You die...

##...##...##.# #.รท.###
##.##...#....#### #.#(#
.#....######...<# #####)#)#
....### ##.#.# ##.....#.# .#.##
#.#.# #..#####.# ...# #...#
#..## #(### ...### ##..# ##..#
#(..##
#....#########..#####.######..#
#.##.........#..sg......# ##.#
..###........#..........# #...#
### #........##.........# #...#
# #........ #.........## #.(.#
# #.####### #......)...###...#
#####.# ##.............g.#
#.(...# #........####...#
..##### #........# #...#
)######## ##........#


You could see a gnoll.

Vanquished Creatures
  Terence (D:2)
  An adder (D:2)
  2 gnolls (D:2)
  2 oozes
  A worm (D:2)
  3 dart slugs (D:1)
  A giant cockroach (D:1)
  2 goblins
  A hobgoblin (D:2)
  4 jackals (D:2)
  7 kobolds
  A quokka (D:2)
  3 bats (D:1)
  4 frilled lizards
  6 rats
39 creatures vanquished.

Notes
Turn   | Place    | Note
-------+----------+-------------------------------------------
     0 | D:1      | AlterAsc the Octopode Transmuter began the quest for the
                  | Orb.
     0 | D:1      | Reached XP level 1. HP: 13/13 MP: 3/3
   283 | D:1      | Reached XP level 2. HP: 18/18 MP: 3/5
   795 | D:1      | Reached skill level 3 in Transmutations
   795 | D:1      | Reached XP level 3. HP: 23/23 MP: 4/6
  1138 | D:2      | Found a radiant altar of Vehumet.
  1144 | D:2      | Found an opulent altar of Gozag.
  1175 | D:2      | Found a shattered altar of Ashenzari.
  1188 | D:2      | Became a worshipper of Ashenzari the Shackled
  1308 | D:2      | Noticed Terence
  1355 | D:2      | Learned a level 3 spell: Spider Form
  1534 | D:2      | Reached XP level 4. HP: 12/28 MP: 8/8
  1771 | D:2      | Killed Terence
  1785 | D:2      | Learned a level 2 spell: Sticks to Snakes
  1965 | D:2      | Reached skill level 4 in Transmutations
  2011 | D:2      | Slain by a gnoll

Levels and vault maps discovered:
D:1:      psy_arrival_conway, layout_basic, serial_glass, glass_columns_c,
          glass_columns_b, minmay_misc_feat_nine_boxes, minmay_misc_feat_iff,
          roderic_lattice_a
D:2:      layout_rooms, grunt_gozag_statues, fiery_altar_vehumet,
          nicolae_overflow_crystal_walls, uniq_terence

Skill      XL: |  1  2  3  4 |
---------------+-------------+-----
Transmutations | 3 4 |  4.1
Spellcasting   | 3 |  3.0
Fighting       | |  1.0
Dodging        | |  2.0
Unarmed Combat | |  3.0

Action                   |  1- 3 |  4- 6 || total
-------------------------+-------+-------++-------
Melee: Unarmed           |    85 |    21 ||   106
       Constrict         |    17 |     4 ||    21
       Tentacles         |    13 |     2 ||    15
       Kick              |     9 |     1 ||    10
       Punch             |     1 |     1 ||     2
Throw: Dart              |       |    12 ||    12
 Cast: Beastly Appendage |    20 |     2 ||    22
       Spider Form       |       |     2 ||     2
 Stab: Sleeping          |     7 |       ||     7
  Eat: Chunk             |     2 |     2 ||     4
Armor: Skin              |    15 |     1 ||    16
Dodge: Dodged            |    52 |    10 ||    62
